 Dungeon Crawl Stone Soup version 0.31.0-12-g77e489cdc1 (webtiles) character file.

Game seed: 15827897849661815391

8 Silvore the Trooper (level 2, -4/24 HPs)
             Began as a Demonspawn Fighter on Feb 12, 2024.
             Frozen to death by an endoplasm (5 damage)
             ... on level 3 of the Dungeon.
             The game lasted 00:00:33 (275 turns).

Silvore the Trooper (Demonspawn Fighter)             Turns: 275, Time: 00:00:33

Health: -4/24      AC:  6    Str: 16    XL:     2   Next: 0%
Magic:  2/2        EV:  8    Int:  8    God:
Gold:   11         SH:  4    Dex: 12    Spells: 1/1 levels left

rFire   . . .        a - +0 long sword
rCold   . . .        c - +0 buckler
rNeg    . . .        b - +0 scale mail
rPois   .            (no helmet)
rElec   .            (no cloak)
rCorr   .            (no gloves)
SInv    .            (no boots)
Will    .....        (no amulet) Stlth
                     (no ring)
HPRegen 0.24/turn    (no ring)
MPRegen 0.08/turn

%: no passive effects
@: no status effects
A: demonic magic 1
a: no special abilities


You were on level 3 of the Dungeon.
You visited 1 branch of the dungeon, and saw 3 of its levels.

You collected 11 gold pieces.

Inventory:

Hand Weapons
 a - a +0 long sword (weapon)
Armour
 b - a +0 scale mail (worn)
 c - a +0 buckler (worn)
Jewellery
 g - a ring of fire
Scrolls
 e - a scroll of amnesia {unknown}
 f - a scroll of identify {unknown}
Potions
 d - a potion of might


   Skills:
 + Level 3.3 Fighting
 + Level 1.7 Long Blades
 + Level 2.8 Armour
 + Level 2.7 Shields


You had one spell level left.
You didn't know any spells.
Your spell library was empty.

Dungeon Overview and Level Annotations

Branches:
Dungeon (3/15)

Altars:


Innate Abilities, Weirdness & Mutations

Spells you cast may paralyse adjacent enemies.


Message History

You block the kobold's attack. The giant cockroach bites you.
The kobold attacks as it pursues you! The kobold hits you but does no damage.
The kobold attacks as it pursues you! You block the kobold's attack.
A goblin comes into view. It is wielding a +0 dagger.
The kobold attacks as it pursues you! You block the kobold's attack.
An endoplasm comes into view.
The endoplasm quivers.
The kobold attacks as it pursues you! The kobold closely misses you.
The giant cockroach bites you but does no damage.
The giant cockroach attacks as it pursues you!
The giant cockroach bites you but does no damage.
You block the kobold's attack. The giant cockroach barely misses you.
The kobold hits you but does no damage.
The giant cockroach bites you but does no damage.
The endoplasm barely misses you. You block the giant cockroach's attack.
The kobold hits you but does no damage. The endoplasm freezes you.
You are frozen.
The giant cockroach bites you but does no damage.
The kobold hits you but does no damage. The endoplasm barely misses you.
The goblin hits you with a +0 dagger. The giant cockroach barely misses you.
You block the kobold's attack. You block the giant cockroach's attack.
The endoplasm freezes you.
You are frozen.
The goblin hits you with a +0 dagger. The kobold hits you with a +0 club.
* * * LOW HITPOINT WARNING * * *
The giant cockroach closely misses you.
The endoplasm hits you but does no damage.
The goblin hits you but does no damage. You block the kobold's attack.
The giant cockroach bites you but does no damage.
You block the endoplasm's attack. The goblin hits you with a +0 dagger.
* * * LOW HITPOINT WARNING * * *
The giant cockroach completely misses you.
The kobold hits you with a +0 club.
* * * LOW HITPOINT WARNING * * *
The endoplasm freezes you.
You are frozen.
You die...

#...<.......
#.....#..##.
#.....#..#
#.....# .#
#.....# .#
#.....# #.....#
#.KB..# #J@g..#
#..............
#....######....
#.... .... +...
#.. #.^. .. #..


You could see an endoplasm, a giant cockroach, a goblin and a kobold.

Vanquished Creatures
  2 endoplasms (D:1)
  A hobgoblin (D:1)
  A kobold (D:1)
  A quokka (D:1)
  A ball python (D:1)
  A frilled lizard (D:1)
7 creatures vanquished.

Notes
Turn   | Place    | Note
-------+----------+-------------------------------------------
     0 | D:1      | Silvore the Demonspawn Fighter began the quest for the Orb.
     0 | D:1      | Reached XP level 1. HP: 18/18 MP: 1/1
   133 | D:1      | Gained mutation: Spells you cast may paralyse adjacent
                  | enemies. [demonic ancestry]
   133 | D:1      | Reached XP level 2. HP: 18/24 MP: 2/2
   275 | D:3      | HP: 1/24 [kobold/+0 club (2)]
   275 | D:3      | Frozen to death by an endoplasm

Illustrated notes

Levels and vault maps discovered:
D:1:      saegor_arrival_fortress, layout_basic
D:2:      layout_basic, minmay_misc_feat_columns, minmay_fractal_squares_5,
          uniq_robin
D:3:      layout_basic, kennysheep_generic_room_11, uniq_terence,
          uniq_crazy_yiuf_cottage, uniq_natasha, uniq_sigmund

Action                     || total
---------------------------++-------
  Melee: Long sword        ||    18
 Armour: Scale mail        ||    58
  Dodge: Dodged            ||    39
  Block: Buckler           ||    26
